 Dungeon Crawl Stone Soup version 0.27-a0-242-ge0fc76b88b (webtiles) character file.

Game seed: 10482700708286905294

1268 Borgoz the Skirmisher (level 8, -16/70 HPs)
             Began as a Ghoul Gladiator on Feb 2, 2021.
             Demolished by a wight
             ... wielding a +1 dagger of electrocution
              (18 damage)
             ... on level 6 of the Dungeon.
             The game lasted 00:07:41 (6317 turns).

Borgoz the Skirmisher (Ghoul Gladiator)             Turns: 6317, Time: 00:07:41

Health: -16/70     AC:  9    Str: 18    XL:     8   Next: 53%
Magic:  7/7        EV: 12    Int:  3    God:
Gold:   246        SH:  0    Dex: 12    Spells: 7/7 levels left

rFire    . . .     SeeInvis .   a - +1 falchion (vorpal)
rCold    + . .     Faith    .   (no shield)
rNeg     + + +     Spirit   .   f - +0 scale mail
rPois    ∞         Reflect  .   c - +1 helmet
rElec    .         Harm     .   (no cloak)
rCorr    +         Rampage  .   (no gloves)
Will     .....                  (no boots)
Stlth    ..........             (no amulet)
HPRegen  0.00/turn              e - ring of attention (curse)
MPRegen  0.10/turn              h - ring of resist corrosion

@: no status effects
A: claws 1, cold resistance 1, negative energy resistance 3, inhibited
regeneration, torment resistance, unbreathing
a: no special abilities


You were on level 6 of the Dungeon.
You visited 1 branch of the dungeon, and saw 6 of its levels.
You also visited: Sewer.

You collected 246 gold pieces.

Inventory:

Hand Weapons
 a - a +1 vorpal falchion (weapon)
 b - a +2 short sword of venom
 p - a +1 long sword
Missiles
 d - a throwing net (quivered)
Armour
 c - a +1 helmet (worn)
 f - a +0 scale mail (worn)
Jewellery
 e - a cursed ring of attention (left claw)
 h - a ring of resist corrosion (right claw)
Scrolls
 j - 4 scrolls of enchant weapon
 q - 3 scrolls of teleportation
Potions
 g - 2 potions of might
 i - 4 potions of curing
 k - a potion of cancellation
 l - a potion of heal wounds
 m - 2 potions of flight
 o - 2 potions of brilliance {unknown}


   Skills:
 + Level 5.8 Fighting
 + Level 5.3 Long Blades
 - Level 1.7 Throwing
 + Level 4.3 Armour
 + Level 5.3 Dodging


You had 7 spell levels left.
You didn't know any spells.
Your spell library was empty.

Dungeon Overview and Level Annotations

Branches:
Dungeon (6/15)              Sewer (visited)
 Temple: D:4-7

Altars:
Ashenzari
Dithmenos
Hepliaklqana
Makhleb
Yredelemnul
The Shining One


Innate Abilities, Weirdness & Mutations

You thrive by killing the living.
You are immune to poison.
You have sharp fingernails.
Your flesh is cold resistant. (rC+)
You are immune to negative energy. (rN+++)
You do not regenerate when monsters are visible.
You are immune to unholy pain and torment.
You can survive without breathing.


Message History

You hit the wight but do no damage.
The wight hits you with a +1 dagger of electrocution.
You completely miss the wight. The wight barely misses you.
You riposte.
You hit the wight.
The wight is lightly damaged.
You barely miss the wight.
The wight is lightly damaged.
The wight hits you but does no damage.
You hit the wight but do no damage.
The wight is lightly damaged.
The wight hits you but does no damage.
You hit the wight but do no damage.
The wight is lightly damaged.
The wight hits you with a +1 dagger of electrocution.
You are electrocuted!!
* * * LOW HITPOINT WARNING * * *
You hit the wight.
The wight is moderately damaged.
The wight hits you but does no damage.
You are electrocuted!!
You die...

#..............
#..........<...
#..............
#..............
##+###.....###
#.....# #.....#
#.....# +@z...#
#.....# #.....#
#........
#........
#........
#(.......
#........


You could see a wight.

Vanquished Creatures
  2 ogres (D:5)
  2 centaurs (D:5)
  2 big kobolds (Sewer)
  A phantom (D:4)
  A bullfrog (D:6)
  2 scorpions
  2 wights (D:6)
  3 hounds
  A bullfrog zombie (D:5)
  An iguana (D:5)
  An orc wizard (D:4)
  A worker ant (D:4)
  3 gnolls (D:5)
  7 adders
  7 river rats
  2 white imps
  An ooze (D:1)
  A worm (D:4)
  2 dart slugs (D:1)
  4 leopard geckos
  8 bats
  5 giant cockroaches
  3 hobgoblins
  6 jackals
  4 quokkas
  9 ball pythons
  5 frilled lizards
  11 goblins
  20 kobolds
  30 rats
147 creatures vanquished.

Notes
Turn   | Place    | Note
-------+----------+-------------------------------------------
     0 | D:1      | Borgoz the Ghoul Gladiator began the quest for the Orb.
     0 | D:1      | Reached XP level 1. HP: 17/17 MP: 0/0
   172 | D:1      | Reached XP level 2. HP: 25/25 MP: 1/1
   500 | D:1      | Reached skill level 1 in Armour
   534 | D:1      | Reached XP level 3. HP: 30/30 MP: 2/2
   945 | D:2      | Noticed a scorpion
   960 | D:2      | Killed a scorpion
   961 | D:2      | Reached XP level 4. HP: 23/38 MP: 3/3
  1324 | D:2      | Reached XP level 5. HP: 43/45 MP: 4/4
  2016 | D:3      | Found a basalt altar of Yredelemnul.
  2257 | D:3      | Found a glowing drain.
  2335 | Sewer    | Entered a sewer
  2731 | Sewer    | Reached XP level 6. HP: 52/52 MP: 5/5
  3276 | D:3      | Found a burning altar of Makhleb.
  3276 | D:3      | Noticed a balrug
  3462 | D:3      | Noticed a shadow
  3463 | D:3      | Found a shadowy altar of Dithmenos.
  3464 | D:3      | Found a hazy altar of Hepliaklqana.
  3753 | D:4      | Reached XP level 7. HP: 42/60 MP: 6/6
  4637 | D:5      | Entered Level 5 of the Dungeon
  4639 | D:5      | Found a hazy altar of Hepliaklqana.
  4785 | D:5      | Reached skill level 5 in Fighting
  5230 | D:5      | Reached XP level 8. HP: 26/68 MP: 7/7
  5449 | D:5      | Found a glowing golden altar of the Shining One.
  5572 | D:5      | Reached skill level 5 in Long Blades
  5572 | D:5      | Reached skill level 5 in Dodging
  6262 | D:6      | Found a broken altar of Ashenzari.
  6316 | D:6      | HP: 2/70 [wight/+1 dagger of electrocution (20)]
  6317 | D:6      | Demolished by a wight

Illustrated notes

Levels and vault maps discovered:
D:1:      saegor_arrival_simple_a, layout_basic, minmay_crystal_water
D:2:      layout_loops_ring
D:3:      layout_loops_ring, riverfiend_overflow_shadow_ancestor,
          nicolae_overflow_hidden_temple, portal_sewer_entry_b,
          makhleb_altar_promises_db
D:4:      layout_rooms, serial_bayou_pond_c, minmay_circle_x
D:5:      layout_cave_pods, lemuel_coloured_pillars_altar, basic_altar
D:6:      layout_gridville, general_overflow_altar

Skill      XL: |  1  2  3  4  5  6  7  8 |
---------------+-------------------------+-----
Armour         | 1 2 3 4 |  4.3
Long Blades    | 3 4 5 |  5.3
Dodging        | 3 4 5 |  5.3
Fighting       | 3 4 5 |  5.8
Throwing       | |  1.7

Action                   |  1- 3 |  4- 6 |  7- 9 || total
-------------------------+-------+-------+-------++-------
Melee: Long sword        |    87 |   209 |       ||   296
       Short sword       |       |    34 |   123 ||   157
       Falchion          |       |       |    40 ||    40
Throw: Throwing net      |       |       |     2 ||     2
  Use: Scroll            |     1 |     7 |     4 ||    12
       Potion            |       |     2 |     7 ||     9
Armor: Leather armour    |    24 |    87 |    12 ||   123
       Scale mail        |       |       |    67 ||    67
Dodge: Dodged            |    66 |   252 |   113 ||   431
       Rpst.: Long sword |    19 |    65 |       ||    84
       Falchion          |       |       |     7 ||     7

Table legend: (Time is in decaauts)
 A = Elapsed time spent in this place.
 B = Non-inter-level travel time spent in this place.
 C = Inter-level travel time spent in this place.
 D = Time resting spent in this place.
 E = Time spent auto-exploring this place.
 F = Levels seen in this place.
 G = Mean time per level.
                   A        B        C        D        E       F      G
               +--------+--------+--------+--------+--------+-----+--------+
         Total |   6400 |   6203 |    197 |   1314 |   3816 |   7 |  914.3 |
       Dungeon |   5528 |   5331 |    197 |   1205 |   3292 |   6 |  921.3 |
         Sewer |    871 |    871 |      0 |    109 |    523 |   1 |  871.0 |
               +--------+--------+--------+--------+--------+-----+--------+

Top non-repeatable levels by time:
     D:5: 1592 daAuts
     D:3: 1070 daAuts
     D:2: 947 daAuts
     D:1: 927 daAuts
     D:4: 906 daAuts
   Sewer: 871 daAuts
     D:6: 84 daAuts
